 Dungeon Crawl Stone Soup version 0.21.1-1-g345015f (webtiles) character file.

553 lrcuk01 the Chopper (level 7, -6/61 HPs)
             Began as a Minotaur Berserker on Feb 6, 2018.
             Was a Priest of Trog.
             Killed from afar by an electric eel (11 damage)
             ... with a bolt of electricity
             ... on level 5 of the Dungeon on Feb 7, 2018.
             The game lasted 00:53:32 (4383 turns).

lrcuk01 the Chopper (Minotaur Berserker)            Turns: 4383, Time: 00:53:32

Health: -6/61      AC:  9    Str: 23    XL:     7   Next: 8%
Magic:  6/6        EV:  9    Int:  4    God:    Trog [***...]
Gold:   191        SH:  8    Dex: 10    Spells: 6/6 levels left

rFire    . . .     SeeInvis .   v - +1 hand axe (vamp)
rCold    . . .     Gourm    .   k - +0 shield
rNeg     . . .     Faith    .   s - +2 ring mail {rPois}
rPois    +         Spirit   .   (helmet restricted)
rElec    .         Reflect  .   (no cloak)
rCorr    .         Harm     .   (no gloves)
MR       .....                  h - +0 pair of boots
Stlth    +.........             i - amulet of regeneration
HPRegen  0.60/turn              (no ring)
MPRegen  0.10/turn              (no ring)

@: no status effects
A: retaliatory headbutt, horns 2
a: Berserk, Trog's Hand, Burn Spellbooks, Renounce Religion


You were on level 5 of the Dungeon.
You worshipped Trog.
Trog was most pleased with you.
You were not hungry.

You visited 1 branch of the dungeon, and saw 5 of its levels.

You collected 191 gold pieces.

Inventory:

Hand Weapons
 o - a +1 trident of flaming
 t - a +0 blowgun
 v - a +1 vampiric hand axe (weapon)
 y - a +0 trident of protection
 z - a +0 long sword
 B - a +0 spear
Missiles
 e - 5 large rocks
 g - 65 arrows
 n - 44 sling bullets
 p - 36 poisoned needles
 w - 3 steel tomahawks (quivered)
 F - 4 javelins
Armour
 h - a +0 pair of boots (worn)
 k - a +0 shield (worn)
 q - a +0 pair of boots
 s - a +2 ring mail of poison resistance (worn)
 u - a +0 chain mail
Jewellery
 f - an uncursed ring of see invisible {unknown}
 i - an amulet of regeneration (around neck)
 j - an uncursed amulet of rage
 I - an uncursed ring of fire {unknown}
Wands
 a - a wand of flame (16)
 r - a wand of iceblast (13)
 x - a wand of polymorph (22)
Scrolls
 d - 2 scrolls of fear
 E - a scroll of amnesia
 H - a scroll of fog
 J - a scroll of teleportation {unknown}
Potions
 b - 2 potions of curing {unknown}
 m - 2 potions of lignification
 A - a potion of might
 C - a potion of resistance {unknown}
 G - a potion of haste {unknown}
Comestibles
 c - 7 rations


   Skills:
 + Level 5.0 Fighting
 + Level 6.3 Axes
 + Level 0.7(4.0) Polearms
 + Level 0.3 Throwing
 + Level 5.4 Armour
 + Level 4.0 Dodging
 + Level 0.4 Stealth
 + Level 0.5 Shields


You had 6 spell levels left.
You didn't know any spells.

Dungeon Overview and Level Annotations

Branches:
Dungeon (5/15)
 Temple: D:4-7

Altars:
Ashenzari
Elyvilon
Kikubaaqudgha
Nemelex Xobeh
Okawaru
Uskayaw
Xom

Annotations:
D:5 1 transporter


Innate Abilities, Weirdness & Mutations

You reflexively headbutt those who attack you in melee.
You have a pair of horns on your head.


Message History

There is a transporter here.
You enter the transporter and appear at another place.
a - a wand of flame (16)
You open the door.
The electric eel shoots out a bolt of lightning at you!
The bolt of electricity hits you!
The electric eel shoots out a bolt of lightning at you!
The bolt of electricity hits you!
The electric eel shoots out a bolt of lightning at you!
The bolt of electricity hits you! x2
The electric eel shoots out a bolt of lightning at you!
The bolt of electricity hits you!
* * * LOW HITPOINT WARNING * * *
The bolt of electricity hits you!
* * * LOW HITPOINT WARNING * * *
The bolt of electricity hits the plant.
There is an open door here.
The electric eel shoots out a bolt of lightning at you!
The bolt of electricity hits you!
You die...

......#..# .........#
.....##..#
##......>############
##..................#
....###############.#
#.#.#8P#≈≈≈≈≈;;#P8#.##
#...#..#.......#..#..##
#..©#©!+...⌠...'@©#©..#
##..#..#.......#..#...#
##.#8P#≈≈≈≈≈;;#P8#.#.#
#.###############...#
#..................##
......?.###..#
.######.. ..## ..# ###


You could see 4 electric eels.

Vanquished Creatures
  The ghost of tidbits the Charmwright, an amateur GnSk (D:4)
  A scorpion (D:4)
  A bullfrog zombie (D:5)
  2 hounds
  2 orc wizards
  Terence (D:3)
  An iguana (D:4)
  A worker ant (D:4)
  Robin (D:3)
  8 adders
  2 river rats (D:3)
  An ooze (D:1)
  A worm (D:2)
  2 dart slugs
  7 orcs
  6 ball pythons
  5 bats
  5 giant cockroaches
  14 goblins
  10 hobgoblins
  3 jackals (D:4)
  2 quokkas
  8 frilled lizards
  9 kobolds
  A leopard gecko skeleton (D:4)
  4 rats
  A withered plant (D:3)
100 creatures vanquished.

Notes
Turn   | Place    | Note
-------+----------+-------------------------------------------
     0 | D:1      | lrcuk01 the Minotaur Berserker began the quest for the Orb.
     0 | D:1      | Reached XP level 1. HP: 19/19 MP: 0/0
   354 | D:1      | Reached XP level 2. HP: 27/27 MP: 1/1
   357 | D:1      | Reached skill level 4 in Axes
   802 | D:2      | Reached XP level 3. HP: 26/33 MP: 2/2
   849 | D:2      | Found a hide-covered altar of Uskayaw.
   982 | D:2      | Reached ** piety under Trog
  1038 | D:2      | Found a shimmering altar of Xom.
  1038 | D:2      | Found a sparkling altar of Nemelex Xobeh.
  1184 | D:2      | Found an iron altar of Okawaru.
  1690 | D:3      | Reached XP level 4. HP: 41/41 MP: 3/3
  1763 | D:3      | Found an ancient bone altar of Kikubaaqudgha.
  2410 | D:3      | Found a white marble altar of Elyvilon.
  2483 | D:3      | Noticed Terence
  2501 | D:3      | Killed Terence
  2501 | D:3      | Reached skill level 5 in Axes
  2501 | D:3      | Reached XP level 5. HP: 47/47 MP: 4/4
  2826 | D:3      | Noticed Robin
  2826 | D:3      | Reached *** piety under Trog
  2841 | D:3      | Killed Robin
  3577 | D:4      | Reached XP level 6. HP: 52/53 MP: 5/5
  3625 | D:4      | Reached skill level 5 in Armour
  3839 | D:4      | Noticed tidbits's ghost (amateur GnSk)
  3859 | D:4      | Killed tidbits's ghost
  4026 | D:4      | Reached skill level 6 in Axes
  4129 | D:5      | Entered Level 5 of the Dungeon
  4129 | D:5      | Found a shattered altar of Ashenzari.
  4141 | D:5      | Reached skill level 5 in Fighting
  4141 | D:5      | Reached XP level 7. HP: 51/61 MP: 6/6
  4247 | D:5      | Found a transporter.
  4264 | D:5      | Found a transporter.
  4383 | D:5      | Killed from afar by an electric eel

Skill      XL: |  1  2  3  4  5  6  7 |
---------------+----------------------+-----
Fighting       | 4 5 |  5.0
Axes           | 4 5 6 |  6.3
Armour         | 3 4 5 |  5.4
Dodging        | 3 4 |  4.0
Polearms       | |  0.7
Throwing       | |  0.3
Stealth        | |  0.4
Shields        | |  0.5

Action                   |  1- 3 |  4- 6 |  7- 9 || total
-------------------------+-------+-------+-------++-------
Melee: Hand axe          |    80 |   168 |     7 ||   255
       Headbutt          |     7 |    33 |     2 ||    42
       Trident           |       |    14 |       ||    14
Throw: Tomahawk          |       |     4 |       ||     4
  Use: Scroll            |     5 |     4 |     1 ||    10
       Potion            |     3 |       |       ||     3
  Eat: Chunk             |     1 |     5 |       ||     6
       Ration            |       |     3 |       ||     3
Armor: Animal skin       |     2 |       |       ||     2
       Scale mail        |    30 |       |       ||    30
       Ring mail         |     3 |    40 |     4 ||    47
       Skin              |       |     4 |       ||     4
Dodge: Dodged            |    33 |   103 |     4 ||   140
Block: Shield            |       |    14 |     3 ||    17
